 Dungeon Crawl Stone Soup version 0.30.1 (webtiles) character file.

Game seed: 6112958171435731442

952 Heoruswealwe the Shooter (level 7, 0/63 HPs)
             Began as a Demigod Hunter on July 8, 2023.
             Slain by a yak (6 damage)
             ... on level 4 of the Dungeon.
             The game lasted 00:29:47 (3093 turns).

Heoruswealwe the Shooter (Demigod Hunter)           Turns: 3093, Time: 00:29:47

Health: 0/63       AC:  6    Str:  9    XL:     7   Next: 59%
Magic:  9/9        EV: 12    Int: 13    God:
Gold:   188        SH:  0    Dex: 28    Spells: 6/6 levels left

rFire   . . .        a - +2 shortbow (heavy)
rCold   . . .        (shield currently unavailable)
rNeg    . . .        c - +1 leather armour "Iryic" {Str-3 Int+2 Dex+3}
rPois   .            g - +0 helmet
rElec   .            (no cloak)
rCorr   .            f - +0 pair of gloves
SInv    .            (no boots)
Will    .....        (no amulet)
Stlth   ++           (no ring)
HPRegen 0.30/turn    (no ring)
MPRegen 0.11/turn

%: no passive effects
@: no status effects
A: high MP 1, forlorn, divine attributes
a: no special abilities


You were on level 4 of the Dungeon.
You visited 2 branches of the dungeon, and saw 5 of its levels.

You collected 188 gold pieces.

Inventory:

Hand Weapons
 a - a +2 heavy shortbow (weapon)
Armour
 c - the +1 leather armour "Iryic" (worn) {Str-3 Int+2 Dex+3}
   (You found it on level 2 of the Dungeon)

   Str:       It affects your strength (-3).
   Int:       It affects your intelligence (+2).
   Dex:       It affects your dexterity (+3).
 f - a +0 pair of gloves (worn)
 g - a +0 helmet (worn)
 s - a +2 animal skin
Scrolls
 b - a scroll of identify
 d - a scroll of magic mapping
 m - a scroll of fear
 t - 3 scrolls of teleportation
Potions
 h - 2 potions of flight
 i - a potion of might {unknown}


   Skills:
 + Level 6.1 Fighting
 + Level 6.9 Ranged Weapons
 - Level 1.7 Dodging
 - Level 0.8 Stealth


You had 6 spell levels left.
You didn't know any spells.
Your spell library contained the following spells:

 Spells                   Type           Power      Damage    Failure   Level
 Chain Lightning          Conj/Air       0%         N/A       100%        9
 Fire Storm               Conj/Fire      0%         5d1       100%        9
 Shatter                  Erth           0%         3d5*      100%        9


Dungeon Overview and Level Annotations

Branches:
Dungeon (4/15)             Temple (1/1) D:4


Innate Abilities, Weirdness & Mutations

You have an increased reservoir of magic. (+10% MP)
You shall have no god before yourself.
Your divine heritage dramatically boosts your attributes as you level up.


Message History

You feel your dexterity returning.
Okay, then.
You shoot an arrow. The arrow hits the yak!!
The yak is severely wounded.
You shoot an arrow. The yak bellows!
The arrow hits the yak!
The yak is almost dead.
You shoot an arrow. The arrow hits the yak!
The yak is moderately wounded.
The yak barely misses you. The yak closely misses you.
You shoot an arrow. The arrow hits the yak!
The yak is almost dead.
The yak gores you! The yak gores you but does no damage.
You shoot an arrow. The arrow closely misses the yak.
The arrow barely misses the yak.
The yak gores you!
You shoot an arrow. The arrow hits the yak!!
You kill the yak!
The yak gores you.
Your Fighting skill increases to level 6!
You are too injured to fight recklessly!
You are too injured to fight recklessly!
Fire: a) +2 shortbow (heavy)
Press: ? - help, Q - select action Shift-Dir - straight line, f - yak
Aim: a yak (80% to hit)
You shoot an arrow. The arrow hits the yak!!
The yak is severely wounded.
The yak gores you. The yak gores you!
* * * LOW HITPOINT WARNING * * *
Fire: a) +2 shortbow (heavy)
Press: ? - help, Q - select action Shift-Dir - straight line, f/p - yak
Aim: a yak (severely wounded, 80% to hit)
You shoot an arrow.
The arrow hits the yak but does no damage.
The yak is severely wounded.
The yak gores you.
* * * LOW HITPOINT WARNING * * *
The yak barely misses you. The yak gores you but does no damage.
The yak gores you.
You die...

#...#.#.#..#.........
#..#.#.#.#...##...#
#...#.>.#.......##
#..#.#.#.#.#.)..#
#...#.#.#..#....#
#....#.#...####.#
##.........# ..#
#########Y####.##
#..Y@.......
######.....>.....
###.##......###....
######.......†....# ...
#...##....#..##...# ).
..........#..###.## .
#............###.......
...#..................#
...#..#...............#


You could see 2 yaks.

Vanquished Creatures
  4 yaks (D:4)
  An ogre (D:3)
  A phantom (D:3)
  A hound (D:4)
  Jessica (D:3)
  Terence (D:3)
  Robin (D:2)
  2 adders (D:2)
  4 gnolls (D:3)
  A worm (D:3)
  A dart slug (D:1)
  2 orcs (D:4)
  A bat (D:2)
  4 endoplasms
  2 giant cockroaches (D:3)
  15 goblins
  5 hobgoblins
  2 jackals (D:1)
  3 quokkas
  5 ball pythons
  4 frilled lizards
  7 kobolds
  6 rats
74 creatures vanquished.

Notes
Turn   | Place    | Note
-------+----------+-------------------------------------------
     0 | D:1      | Heoruswealwe the Demigod Hunter began the quest for the
                  | Orb.
     0 | D:1      | Reached XP level 1. HP: 17/17 MP: 3/3
   372 | D:1      | Reached XP level 2. HP: 22/24 MP: 4/4
   725 | D:2      | Identified the +1 leather armour "Iryic" {Str-3 Int+2
                  | Dex+3}
   788 | D:2      | Noticed Robin
   800 | D:2      | Killed Robin
   801 | D:2      | Reached XP level 3. HP: 16/28 MP: 5/5
  1452 | D:3      | Noticed a phantom
  1465 | D:3      | Killed a phantom
  1466 | D:3      | Reached XP level 4. HP: 28/38 MP: 6/6
  1487 | D:3      | Reached XP level 5. HP: 24/46 MP: 7/7
  1499 | D:3      | Reached skill level 5 in Ranged Weapons
  1897 | D:3      | Noticed Jessica
  2079 | D:3      | Killed Jessica
  2128 | D:3      | Noticed Terence
  2134 | D:3      | Noticed an ogre
  2157 | D:3      | Killed an ogre
  2202 | D:3      | Killed Terence
  2203 | D:3      | Reached XP level 6. HP: 7/53 MP: 8/8
  2917 | D:4      | Found a staircase to the Ecumenical Temple.
  2957 | Temple   | Entered the Ecumenical Temple
  3062 | D:4      | Noticed a yak
  3063 | D:4      | Noticed a yak
  3065 | D:4      | Killed a yak
  3065 | D:4      | Noticed a yak
  3066 | D:4      | Reached skill level 5 in Fighting
  3067 | D:4      | Noticed a yak
  3067 | D:4      | Noticed a yak
  3072 | D:4      | Killed a yak
  3073 | D:4      | Reached XP level 7. HP: 61/61 MP: 9/9
  3075 | D:4      | Killed a yak
  3075 | D:4      | Noticed a yak
  3091 | D:4      | Killed a yak
  3093 | D:4      | Slain by a yak

Illustrated notes

Levels and vault maps discovered:
D:1:      lemuel_arrival_rhombus, layout_loops_ring,
          ebering_ecumenical_altar_abandoned, minivault_19, minmay_pentomino_q4
D:2:      layout_basic, uniq_robin
D:3:      cheibrodos_old_hovel, layout_loops_ring, uniq_terence, uniq_jessica
D:4:      layout_cave_pools, minmay_temple_entry_grid
Temple:   dpeg_three_leaves_temple

Skill      XL: |  1  2  3  4  5  6  7 |
---------------+----------------------+-----
Fighting       | 2 3 4 5 6 |  6.1
Ranged Weapons | 4 5 6 |  6.9
Dodging        | |  1.7
Stealth        | |  0.8

Action                     |  1- 3 |  4- 6 |  7- 9 || total
---------------------------+-------+-------+-------++-------
   Fire: Shortbow          |   102 |   118 |    11 ||   231
    Use: Potion            |       |     9 |       ||     9
         Scroll            |       |    15 |       ||    15
 Armour: Leather armour    |    22 |    32 |     2 ||    56
  Dodge: Dodged            |    28 |    55 |     5 ||    88
